 Dungeon Crawl Stone Soup version 0.24-a0-528-g98e85ec62a (webtiles) character file.

Game seed: 9106682229500739668

9033 BinkBink the Carver (level 11, -1/100 HPs)
             Began as a Deep Dwarf Berserker on Aug 6, 2019.
             Was a Priest of Trog.
             Slain by KennyOmg's ghost (18 damage)
             ... on level 6 of the Dungeon.
             The game lasted 00:26:30 (7412 turns).

BinkBink the Carver (Deep Dwarf Berserker)          Turns: 7412, Time: 00:26:30

Health: -1/100     AC: 14    Str: 24    XL:     11   Next: 17%
Magic:  10/10      EV:  7    Int:  8    God:    Trog [***...]
Gold:   497        SH: 11    Dex: 12    Spells: 10/10 levels left

rFire    . . .     SeeInvis +   I - +1 demon blade (elec)
rCold    . . .     Gourm    .   b - +0 shield
rNeg     . . .     Faith    .   v - +0 plate armour
rPois    .         Spirit   .   (no helmet)
rElec    .         Reflect  .   (no cloak)
rCorr    .         Harm     .   (no gloves)
MR       +++..                  (no boots)
Stlth    ..........             m - amulet of magic regeneration
HPRegen  1.00/turn              o - ring of see invisible
MPRegen  0.37/turn              (no ring)

@: non-regenerating, lightly drained
A: damage resistance, heal wounds, sense surroundings 2, no regeneration
a: Heal Wounds, Berserk, Trog's Hand, Renounce Religion


You were on level 6 of the Dungeon.
You worshipped Trog.
Trog was most pleased with you.
You were not hungry.

You visited 1 branch of the dungeon, and saw 9 of its levels.

You collected 497 gold pieces.

Inventory:

Hand Weapons
 q - a +2 hand axe of electrocution
 r - a +2 falchion of electrocution
 F - a +0 great sword
 G - a +0 great sword of electrocution
 I - a +1 demon blade of electrocution (weapon)
Armour
 b - a +0 shield (worn)
 g - a +1 chain mail of cold resistance
 l - the +0 leather armour of the Vacuum {rC++ rN+}
   (You found it on level 4 of the Dungeon)

   It greatly protects you from cold.
   It protects you from negative energy.
 v - a +0 plate armour (worn)
Jewellery
 m - an amulet of magic regeneration (around neck)
 o - a ring of see invisible (left hand)
Wands
 a - a wand of enslavement (6)
 w - a wand of digging (6)
 x - a wand of clouds (4)
 A - a wand of flame (20)
 D - a wand of disintegration (7)
Scrolls
 d - 6 scrolls of identify
 i - 2 scrolls of blinking
 j - 3 scrolls of teleportation
 k - 6 scrolls of remove curse
 s - a scroll of fog {unknown}
 y - 4 scrolls of enchant armour {unknown}
 B - 3 scrolls of enchant weapon {unknown}
 E - a scroll of magic mapping {unknown}
 H - a scroll of fear {unknown}
 J - a scroll of summoning {unknown}
Potions
 e - 2 potions of heal wounds {unknown}
 f - 2 potions of curing
 h - a potion of invisibility
 n - a potion of degeneration {unknown}
 p - 2 potions of might
 t - a potion of berserk rage {unknown}
 u - 2 potions of haste
 z - a potion of flight {unknown}
 C - a potion of cancellation {unknown}
Comestibles
 c - 27 rations


   Skills:
 + Level 7.1(7.0) Fighting
 + Level 11.2(11.1) Long Blades
 + Level 9.8(9.7) Armour
 + Level 3.5(3.4) Dodging
 + Level 1.3(1.2) Stealth
 + Level 7.8(7.7) Shields


You had 10 spell levels left.
You didn't know any spells.
Your spell library contained the following spells:

 Spells                   Type           Power        Failure   Level  Hunger
 Freeze                   Ice            #...         100%        1    ##.....
 Magic Dart               Conj           #...         100%        1    ##.....
 Blink                    Tloc           N/A          100%        2    ###....
 Call Imp                 Summ           #.......     100%        2    ###....
 Slow                     Hex            #.......     100%        2    ###....
 Throw Frost              Conj/Ice       #.....       100%        2    ###....
 Conjure Flame            Conj/Fire      #.......     100%        3    ####...
 Mephitic Cloud           Conj/Pois/Air  #.......     100%        3    ####...
 Ozocubu's Armour         Chrm/Ice       #.......     100%        3    ####...
 Summon Ice Beast         Ice/Summ       #.......     100%        4    #####..
 Throw Icicle             Conj/Ice       #.......     100%        4    #####..


Dungeon Overview and Level Annotations

Branches:
Dungeon (9/15)             Temple (0/1) D:5
   Lair: D:8-11         Orc: D:9-12

Altars:
Ashenzari
Elyvilon
Hepliaklqana
Makhleb
Nemelex Xobeh
Ru
Uskayaw
Vehumet

Shops:
D:4 *   D:6 [   D:8 !

Annotations:
D:6 1 transporter, KennyOmg's ghost, novice TrMo
D:8 Gastronok


Innate Abilities, Weirdness & Mutations

You are resistant to damage.
You can heal yourself by infusing magical energy.
You passively map the area around you.
You do not regenerate.


Message History

You slash KennyOmg's ghost!
KennyOmg's ghost is lightly damaged.
KennyOmg's ghost hits you but does no damage.
You hit KennyOmg's ghost but do no damage.
Lightning courses through KennyOmg's ghost!
KennyOmg's ghost is moderately damaged.
KennyOmg's ghost hits you!
* * * LOW HITPOINT WARNING * * *
You slash KennyOmg's ghost!
KennyOmg's ghost is heavily damaged.
KennyOmg's ghost hits you.
* * * LOW HITPOINT WARNING * * *
You hit KennyOmg's ghost.
Lightning courses through KennyOmg's ghost!
KennyOmg's ghost is heavily damaged.
You hit KennyOmg's ghost.
KennyOmg's ghost is severely damaged.
KennyOmg's ghost assumes a wrestling stance.
KennyOmg's ghost hits you!!
You die...

#.............[................#
####..........................##
#...........................#
#....#.....#........#.####...
######.......©.......####....
#.#############.##.....#
#.#....()$....#....##..#
#.#...........#...####..
#.#..##@..##..#.#.#####'
#.#..#8W..8#..#.<.##....
#.#..##...##..#....#.⌠..
#.#.....©.....#.#..#....
#.#..##...##..#....'...⌠
#.#..#8...8#..#....#....
#.#..##...##%.#..###.⌠..
#.#...........#..# #....
#.#..........©#.#######'


You could see KennyOmg's ghost.

Vanquished Creatures
  A hydra (D:9)
  Psyche (D:8)
  A hornet (D:9)
  2 hippogriffs
  2 dream sheep (D:9)
  7 yaks (D:9)
  A wyvern (D:9)
  Grum (D:5)
  2 hungry ghosts
  A water moccasin (D:9)
  6 orc warriors
  3 sky beasts
  2 black bears
  2 ice beasts
  3 ogres
  2 centaurs
  3 big kobolds (D:9)
  3 bullfrogs
  4 gnoll sergeants (D:5)
  A wyvern skeleton (D:6)
  A scorpion (D:7)
  A water moccasin skeleton (D:6)
  8 killer bees
  11 wights
  A howler monkey (D:5)
  5 crimson imps
  4 centaur zombies
  A bullfrog zombie (D:8)
  A quasit (D:7)
  3 jellies
  Crazy Yiuf (D:3)
  3 orc priests
  17 hounds
  4 bullfrog skeletons
  A gnoll shaman (D:5)
  3 worker ants
  Natasha (thrice) (D:3)
  2 iguanas
  8 orc wizards
  A killer bee zombie (D:5)
  A hound zombie (D:5)
  3 worker ant zombies
  31 gnolls
  10 adders
  3 shadow imps (D:6)
  3 adder skeletons
  An adder zombie (D:5)
  2 worms
  3 dart slugs
  9 leopard geckos
  29 orcs
  6 bats
  5 giant cockroaches
  10 goblins
  6 hobgoblins
  12 jackals
  5 kobolds
  2 quokkas
  5 frilled lizards
  2 leopard gecko skeletons
  4 rats
279 creatures vanquished.

Notes
Turn   | Place    | Note
-------+----------+-------------------------------------------
     0 | D:1      | BinkBink the Deep Dwarf Berserker began the quest for the
                  | Orb.
     0 | D:1      | Reached XP level 1. HP: 20/20 MP: 1/1
    97 | D:1      | Reached XP level 2. HP: 20/27 MP: 2/2
   623 | D:2      | Reached ** piety under Trog
   623 | D:2      | Reached XP level 3. HP: 24/34 MP: 3/3
   712 | D:2      | Reached skill level 4 in Long Blades
   721 | D:2      | Reached XP level 4. HP: 13/42 MP: 4/4
  1212 | D:3      | Found a transporter.
  1427 | D:3      | Found a transporter.
  1436 | D:3      | Reached XP level 5. HP: 36/50 MP: 5/5
  1531 | D:3      | Noticed Natasha
  1543 | D:3      | Killed Natasha
  1635 | D:3      | Found a runed translucent door.
  1636 | D:3      | Noticed Crazy Yiuf
  1674 | D:3      | Noticed Natasha
  1686 | D:3      | Killed Natasha
  1686 | D:3      | Reached skill level 5 in Long Blades
  1757 | D:3      | Noticed Natasha
  1767 | D:3      | Killed Natasha
  1911 | D:4      | Found a burning altar of Makhleb.
  1917 | D:4      | Reached XP level 6. HP: 49/57 MP: 6/6
  1925 | D:4      | Found Fylistryr's General Store.
  2365 | D:4      | Got a spiked leather armour
  2379 | D:4      | Identified the cursed +0 leather armour of the Vacuum {rC++
                  | rN+} (You found it on level 4 of the Dungeon)
  2415 | D:4      | Found a sacrificial altar of Ru.
  2418 | D:4      | Found a radiant altar of Vehumet.
  2419 | D:4      | Found a hide-covered altar of Uskayaw.
  2601 | D:5      | Entered Level 5 of the Dungeon
  2616 | D:5      | Reached skill level 6 in Long Blades
  2629 | D:5      | Reached XP level 7. HP: 53/64 MP: 7/7
  2715 | D:5      | Found a hazy altar of Hepliaklqana.
  2871 | D:5      | Reached skill level 7 in Long Blades
  2871 | D:5      | Reached skill level 1 in Stealth
  2928 | D:5      | Found a staircase to the Ecumenical Temple.
  3027 | D:5      | Reached skill level 5 in Armour
  3027 | D:5      | Reached XP level 8. HP: 33/73 MP: 8/8
  3195 | D:5      | Reached skill level 5 in Fighting
  3377 | D:5      | Reached skill level 8 in Long Blades
  3517 | D:5      | Reached skill level 1 in Shields
  3525 | D:5      | Noticed Grum
  3539 | D:5      | Killed Grum
  3627 | D:6      | Found a sparkling altar of Nemelex Xobeh.
  3675 | D:6      | Gained mutation: You passively map the area around you.
                  | [Deep Dwarf growth]
  3675 | D:6      | Reached XP level 9. HP: 47/82 MP: 9/9
  3983 | D:6      | Reached skill level 9 in Long Blades
  4056 | D:6      | Found a transporter.
  4060 | D:6      | Found a transporter.
  4061 | D:6      | Noticed KennyOmg's ghost (novice TrMo)
  4217 | D:6      | Found Pyul's Armour Shop.
  4339 | D:3      | Killed Crazy Yiuf
  5021 | D:7      | Found a shattered altar of Ashenzari.
  5320 | D:8      | Found Mocuang's Distillery.
  5331 | D:8      | Reached XP level 10. HP: 65/91 MP: 10/10
  5347 | D:8      | Noticed Psyche
  5358 | D:8      | Killed Psyche
  5358 | D:8      | Reached skill level 10 in Long Blades
  5376 | D:8      | Found a white marble altar of Elyvilon.
  5401 | D:8      | Reached *** piety under Trog
  5405 | D:8      | Reached skill level 5 in Shields
  5664 | D:8      | Found a sparkling altar of Nemelex Xobeh.
  5795 | D:8      | Noticed Gastronok
  6200 | D:9      | Noticed a three-headed hydra
  6224 | D:9      | Killed a ten-headed hydra
  6224 | D:9      | Reached skill level 11 in Long Blades
  6355 | D:9      | Reached XP level 11. HP: 56/100 MP: 10/10
  7412 | D:6      | Slain by KennyOmg's ghost

Levels and vault maps discovered:
D:1:      dpeg_arrival_rooms_c, layout_loops_ring
D:2:      layout_basic
D:3:      gammafunk_wand_slinger, layout_basic, guppyfry_early_orc_mine,
          uniq_crazy_yiuf_cottage, uniq_natasha
D:4:      kb_forest_paths, layout_loops_ring,
          chequers_temple_overflow_statue_of_worship, serial_shops,
          kennysheep_little_box, first_ration, makhleb_heckhound_becter
D:5:      layout_cave_pools, minmay_temple_entry_hall, serial_gnoll_camp,
          gnoll_camp_mini_loothouse, gnoll_camp_mini_hut, gnoll_camp_mini_hut,
          grums_kennel, gnoll_camp_huts_moat, basic_altar, dk_vineyard_3,
          minmay_small_thing
D:6:      layout_cave_pools, basic_altar, serial_shops,
          nicolae_shop_behind_doors, gammafunk_ghost_mausoleum,
          minmay_fountain_box
D:7:      layout_basic, overflow_temple_1_default
D:8:      layout_basic, nemelex_xobeh_ov_fountains_minmay, elyvilon_altar_5,
          serial_shops, shop, uniq_psyche, uniq_gastronok
D:9:      layout_irregular_city, hangedman_ranch [blue_anna_fruit_fields]

Skill      XL: |  1  2  3  4  5  6  7  8  9 10 |
---------------+-------------------------------+-----
Fighting       | 3 4 5 6 7 |  7.1
Long Blades    | 4 5 6 7 8 9 11 | 11.2
Armour         | 3 4 5 6 8 9 |  9.8
Stealth        | 1 |  1.3
Dodging        | 3 |  3.5
Shields        | 2 4 7 |  7.8

Action                   |  1- 3 |  4- 6 |  7- 9 | 10-12 || total
-------------------------+-------+-------+-------+-------++-------
Melee: Falchion          |    82 |   178 |   462 |   303 ||  1025
       Demon blade       |       |       |       |    29 ||    29
Invok: Trog's Hand       |       |     7 |    22 |    13 ||    42
 Abil: Heal Wounds       |       |       |     1 |     1 ||     2
  Use: Scroll            |       |     9 |       |       ||     9
  Eat: Chunk             |       |     8 |    10 |    10 ||    28
       Ration            |       |       |     3 |     2 ||     5
Armor: Animal skin       |     6 |       |       |       ||     6
       Chain mail        |    29 |    88 |   158 |       ||   275
       Leather armour    |       |     1 |       |       ||     1
       Plate armour      |       |       |   160 |   134 ||   294
Dodge: Dodged            |    46 |    80 |   199 |    92 ||   417
Block: Shield            |       |       |   146 |   193 ||   339
       Rpst.: Falchion   |    14 |    25 |    41 |    20 ||   100

Table legend:
 A = Non-vault XP
 B = Vault XP
 C = Vault XP percentage of total XP
 D = Non-vault monster count
 E = Vault monster count
 F = Vault count percentage of total count
                 A         B        C        D         E       F
            +---------+---------+-------+---------+---------+-------
      Total |    8407 |    4498 |  34.9 |     216 |      63 |  22.6
            +---------+---------+-------+---------+---------+-------
        D:1 |      40 |       0 |   0.0 |      20 |       0 |   0.0
        D:2 |     125 |       0 |   0.0 |      23 |       0 |   0.0
        D:3 |     131 |      93 |  41.5 |      12 |       9 |  42.9
        D:4 |      94 |     171 |  64.5 |       5 |       4 |  44.4
        D:5 |     644 |    1352 |  67.7 |      22 |      37 |  62.7
        D:6 |    1177 |     267 |  18.5 |      28 |       4 |  12.5
        D:7 |    1048 |       0 |   0.0 |      23 |       0 |   0.0
        D:8 |    1946 |     434 |  18.2 |      44 |       1 |   2.2
        D:9 |    3202 |    2181 |  40.5 |      39 |       8 |  17.0
            +---------+---------+-------+---------+---------+-------
